 Dungeon Crawl Stone Soup version 0.31-a0-196-g86fe4a5e66 (webtiles) character file.

Game seed: 10706762184776163455

30 qw the Shooter (level 3, 0/20 HPs)
             Began as a Deep Elf Hunter on June 24, 2023.
             Slain by a worm (2 damage)
             ... on level 2 of the Dungeon.
             The game lasted 00:00:19 (895 turns).

qw the Shooter (Deep Elf Hunter)                     Turns: 895, Time: 00:00:20

Health: 0/20       AC:  3    Str: 10    XL:     3   Next: 5%
Magic:  5/5        EV:  9    Int: 13    God:
Gold:   143        SH:  0    Dex: 18    Spells: 2/2 levels left

rFire   . . .        Y - +0 shortbow
rCold   . . .        (shield currently unavailable)
rNeg    . . .        c - +0 leather armour
rPois   .            (no helmet)
rElec   .            (no cloak)
rCorr   .            (no gloves)
SInv    .            (no boots)
Will    .....        (no amulet)
Stlth   ++           (no ring)
HPRegen 0.23/turn    (no ring)
MPRegen 0.09/turn

%: no passive effects
@: constricted
A: no striking features
a: no special abilities


You were on level 2 of the Dungeon.
You visited 1 branch of the dungeon, and saw 2 of its levels.

You collected 143 gold pieces.


   Skills:
 - Level 1.5 Fighting
 + Level 6.6 Ranged Weapons
 - Level 2.4 Dodging
 - Level 1.2 Stealth


You had 2 spell levels left.
You didn't know any spells.
Your spell library was empty.

Inventory:

Hand Weapons
 Y - a +0 shortbow (weapon)
Armour
 a - a +0 ring mail
 c - a +0 leather armour (worn)
Scrolls
 b - a scroll of amnesia {unknown}
Potions
 e - a potion of enlightenment {unknown}
 f - a potion of resistance {unknown}

Dungeon Overview and Level Annotations

Branches:
Dungeon (2/15)

Altars:


Message History

A ball python comes into view.
You shoot an arrow. The arrow hits the worm!
The worm is severely wounded.
You hear a shout!
A hobgoblin comes into view.
The worm bites you.
A kobold comes into view. It is wielding a +0 dagger.
The hobgoblin moves out of view.
You shoot an arrow. The arrow hits the worm.
The worm is almost dead.
The ball python misses you. The ball python barely misses you.
The worm misses you.
You shoot an arrow. The arrow barely misses the worm.
The ball python bites you. The ball python grabs you.
The ball python constricts you. The ball python barely misses you.
The ball python constricts you.
You shoot an arrow.
The arrow completely misses the ball python.
The arrow completely misses the endoplasm.
The worm barely misses you. The ball python bites you.
The ball python constricts you.
You shoot an arrow.
The arrow closely misses the ball python.
The ball python bites you. The ball python constricts you.
The endoplasm hits you but does no damage.
The worm bites you.
You shoot an arrow. The arrow hits the ball python.
The ball python is severely wounded.
The ball python barely misses you. The ball python constricts you.
The endoplasm barely misses you.
You shoot an arrow.
The arrow closely misses the ball python.
The ball python barely misses you. The ball python constricts you.
The endoplasm completely misses you. The worm bites you!
The ball python bites you. The ball python constricts you.
You shoot an arrow.
The arrow closely misses the ball python.
The endoplasm closely misses you. The ball python closely misses you.
The ball python constricts you. The worm bites you.
You die...

###...#..####.# #..
#..#.... #.## ####
#....##. #..# ##... ..
## #.####%# #..## #...
#.###########.###
...##.............# #
#..##...........## #
##[##J##............###
#|.%gS@...............#
##...w###..........##.#
#...K #.##########..
#...... .# ##. ..#...)
.# ... . #.... .# ###.
$.... #. ##!##. ## (


You could see a worm, an endoplasm, a hobgoblin, a ball python and a kobold.

Vanquished Creatures
  2 dart slugs (D:1)
  2 endoplasms (D:1)
  2 goblins (D:1)
  2 hobgoblins
  3 jackals (D:1)
  4 ball pythons
  4 bats
  4 frilled lizards
  2 kobolds
  A rat (D:2)
26 creatures vanquished.

Notes
Turn   | Place    | Note
-------+----------+-------------------------------------------
     0 | D:1      | qw the Deep Elf Hunter began the quest for the Orb.
     0 | D:1      | Reached XP level 1. HP: 12/12 MP: 3/3
     0 | D:1      | 0 ||| qw: Version: 0.3-a-9-g12657ce
     0 | D:1      | 0 ||| qw: Game counter: 4822
     0 | D:1      | 0 ||| qw: Always use a shield: true
     0 | D:1      | 0 ||| qw: God list: Okawaru
     0 | D:1      | 0 ||| qw: Allow faded altars: false
     0 | D:1      | 0 ||| qw: Do Orc after D:15 true
     0 | D:1      | 0 ||| qw: Do second Lair branch before Depths: true
     0 | D:1      | 0 ||| qw: Lair rune preference: random
     0 | D:1      | 0 ||| qw: Plans: Normal
     0 | D:1      | 0 ||| PLANNING D:1-11
   194 | D:1      | 194 ||| DROPPING ring of flight.
   195 | D:1      | 195 ||| READING scroll labelled ZAAKES DYNNE.
   227 | D:1      | Reached skill level 6 in Ranged Weapons
   227 | D:1      | Reached XP level 2. HP: 16/16 MP: 4/4
   695 | D:1      | 695 ||| READING scroll labelled REJ VAKO VERR.
   696 | D:1      | 696 ||| READING scroll labelled CIENGE VUPS.
   697 | D:1      | 697 ||| READING scroll labelled ELIUQU XAKLUYR.
   698 | D:1      | 698 ||| DROPPING scroll of butterflies.
   874 | D:2      | Reached XP level 3. HP: 20/20 MP: 5/5
   894 | D:2      | HP: 5/20 [worm (8)]
   895 | D:2      | HP: 2/20 [constriction (1)]
   895 | D:2      | Slain by a worm

Levels and vault maps discovered:
D:1:      evilmike_arrival_fibonacci_small, layout_loops_ring,
          minmay_pentomino_s4
D:2:      layout_rooms, serial_shops, nicolae_shop_window_shopping,
          minmay_three_crescents

Skill      XL: |  1 |
---------------+----+-----
Ranged Weapons | 6 |  6.6
Fighting       | |  1.5
Dodging        | |  2.4
Stealth        | |  1.2

Action                     || total
---------------------------++-------
   Fire: Shortbow          ||    75
    Use: Scroll            ||     4
 Armour: Leather armour    ||    10
  Dodge: Dodged            ||    35

Table legend:
 A = Non-vault XP
 B = Vault XP
 C = Vault XP percentage of total XP
 D = Non-vault monster count
 E = Vault monster count
 F = Vault count percentage of total count
                 A         B        C        D         E       F
            +---------+---------+-------+---------+---------+-------
      Total |      37 |       7 |  15.9 |      22 |       4 |  15.4
            +---------+---------+-------+---------+---------+-------
        D:1 |      30 |       4 |  11.8 |      16 |       2 |  11.1
        D:2 |       7 |       3 |  30.0 |       6 |       2 |  25.0
            +---------+---------+-------+---------+---------+-------
